 Dungeon Crawl Stone Soup version 0.19.1-1-g22dce08 (webtiles) character file.

275 HessuHobo the Conjurer (level 6, 0/33 HPs)
             Began as a Deep Elf Conjurer on Dec 28, 2016.
             Was an Initiate of Vehumet.
             Succumbed to a scorpion's poison
             ... on level 3 of the Dungeon.
             The game lasted 00:19:18 (4877 turns).

HessuHobo the Conjurer (Deep Elf Conjurer)          Turns: 4877, Time: 00:19:19

Health: 0/33       AC:  4    Str:  5 (6)  XL:     6   Next: 3%
Magic:  7/12       EV: 13    Int: 19 (20) God:    Vehumet [......]
Gold:   174        SH:  0    Dex: 14 (15) Spells: 3 memorised, 3 levels left

rFire  . . .     SeeInvis .     k - +2 dagger (protect)
rCold  . . .     Gourm    .     a - +1 robe
rNeg   . . .     Faith    +     (no shield)
rPois  .         Spirit   .     (no helmet)
rElec  .         Reflect  .     (no cloak)
rCorr  .         Harm     .     (no gloves)
MR     .....     Rnd*Rage +     h - +0 pair of boots
Stlth  ++........ Rnd*Tele +    o - amulet of faith
                                x - +3 ring of strength
                                v - ring of wizardry

@: lethally poisoned (0 -> -12)
A: berserk 1, blurry vision 1, teleportitis 1, weak 2
a: Renounce Religion


You were on level 3 of the Dungeon.
You worshipped Vehumet.
Vehumet was noncommittal.
You were not hungry.

You visited 1 branch of the dungeon, and saw 4 of its levels.

You collected 174 gold pieces.

Inventory:

Hand Weapons
 k - a +2 dagger of protection (weapon)
Armour
 a - a +1 robe (worn)
 h - a +0 pair of boots (worn)
Jewellery
 o - an amulet of faith (around neck)
 v - a ring of wizardry (left hand)
 x - a +3 ring of strength (right hand)
Wands
 e - a wand of flame (0/48)
Scrolls
 d - a scroll of enchant weapon
 f - 3 scrolls of teleportation
 g - a scroll of enchant armour
 j - 3 scrolls of identify
 l - a scroll of fear
Books
 b - a book of Conjurations

   Spells                             Type                      Level
   a - Magic Dart                     Conjuration                  1
   b - Searing Ray                    Conjuration                  2
   c - Dazzling Spray                 Conjuration/Hexes            3
   d - Fulminant Prism                Conjuration/Hexes            4
   e - Iskenderun's Mystic Blast      Conjuration                  4
   f - Iskenderun's Battlesphere      Conjuration/Charms           5
 q - a book of Changes

   Spells                             Type                      Level
   a - Beastly Appendage              Transmutation                1
   b - Sticks to Snakes               Transmutation                2
   c - Spider Form                    Transmutation/Poison         3
   d - Ice Form                       Ice/Transmutation            4
   e - Blade Hands                    Transmutation                5
Comestibles
 c - 3 bread rations


   Skills:
 - Level 0.5 Fighting
 - Level 0.8 Short Blades
 - Level 2.4 Dodging
 - Level 2.4 Stealth
 - Level 3.0 Spellcasting
 + Level 7.8 Conjurations


You had 3 spell levels left.
You knew the following spells:

 Your Spells              Type           Power        Failure   Level  Hunger
a - Magic Dart            Conj           ####         1%          1    None
b - Searing Ray           Conj           ####..       1%          2    ##.....
c - Iskenderun's Battles  Conj/Chrm      ###.....     52%         5    ######.


Dungeon Overview and Level Annotations

Branches:
Dungeon (4/15)
 Temple: D:4-7

Altars:
Ashenzari
Makhleb
Uskayaw
Vehumet
Zin

Shops:
D:4 :[%[


Innate Abilities, Weirdness & Mutations

You tend to lose your temper in combat.
Scrolls take you a little longer to read.
You are occasionally teleported next to monsters.
You are very weak. (Str -4)


Message History

The scorpion misses you.
Casting: Magic Dart
Confirm with . or Enter, or press ? or * to list all spells.
Aiming: Magic Dart
Press: ? - help, Shift-Dir - straight line, f/p - scorpion
Aim: a scorpion (moderately wounded)
The magic dart hits the scorpion.
The scorpion is heavily wounded.
The scorpion stings you.
* * * LOW HITPOINT WARNING * * *
You are lethally poisoned!
The scorpion poisons you!
Casting: Magic Dart
Confirm with . or Enter, or press ? or * to list all spells.
Aiming: Magic Dart
Press: ? - help, Shift-Dir - straight line, f/p - scorpion
Aim: a scorpion (heavily wounded)
The magic dart hits the scorpion.
The scorpion is heavily wounded.
You die...

##### #...#########
#............ ########
#...######.#. #......#
##.## #.## #.####.###
#.##### #.#
#......@s####.#...# #.#
#.####.#..[.......# #.#
#.# #.#####.(#...###.#
#.# #.####...........#
#.# #......#....(....##
#.#########.............
#........###.##...##....
#.######.# #.##.........
#.# #.# #.##...##....


You could see a scorpion.

Vanquished Creatures
  A crimson imp (D:4)
  3 gnolls (D:3)
  7 adders
  An ooze (D:3)
  2 worms
  An adder skeleton (D:4)
  4 dart slugs (D:2)
  7 leopard geckos
  2 orcs (D:3)
  15 bats
  2 giant cockroaches
  18 goblins
  17 hobgoblins
  11 jackals
  2 quokkas (D:2)
  3 ball pythons
  3 frilled lizards
  A jackal skeleton (D:4)
  8 kobolds
  6 rats
114 creatures vanquished.

Notes
Turn   | Place    | Note
-------+----------+-------------------------------------------
     0 | D:1      | HessuHobo the Deep Elf Conjurer began the quest for the Orb.
     0 | D:1      | Reached XP level 1. HP: 10/10 MP: 6/6
   297 | D:1      | Reached XP level 2. HP: 15/15 MP: 5/8
   306 | D:1      | Reached skill level 5 in Conjurations
   363 | D:1      | Learned a level 2 spell: Searing Ray
   712 | D:1      | Reached XP level 3. HP: 19/19 MP: 4/9
  1304 | D:2      | Reached skill level 6 in Conjurations
  1505 | D:2      | Reached XP level 4. HP: 24/24 MP: 7/10
  2300 | D:3      | Reached XP level 5. HP: 18/28 MP: 1/11
  2506 | D:3      | Learned a level 5 spell: Iskenderun's Battlesphere
  2524 | D:3      | Reached skill level 7 in Conjurations
  2932 | D:3      | Found a shattered altar of Ashenzari.
  3741 | D:4      | Found Buos's Book Emporium.
  3809 | D:4      | Found a hide-covered altar of Uskayaw.
  3863 | D:4      | Found Isunaise's Food Shop.
  3949 | D:4      | Found a glowing silver altar of Zin.
  3986 | D:4      | Found Ezae's Antique Armour Shop.
  4003 | D:4      | Gained mutation: Scrolls take you a little longer to read. [potion of mutation]
  4003 | D:4      | Gained mutation: You are occasionally teleported next to monsters. [potion of mutation]
  4024 | D:4      | Gained mutation: You are weak. (Str -2) [potion of mutation]
  4024 | D:4      | Lost strength.
  4024 | D:4      | Gained mutation: You are very weak. (Str -4) [potion of mutation]
  4024 | D:4      | Gained mutation: You tend to lose your temper in combat. [potion of mutation]
  4202 | D:4      | Found a radiant altar of Vehumet.
  4204 | D:4      | Found a burning altar of Makhleb.
  4212 | D:4      | Became a worshipper of Vehumet
  4489 | D:4      | Found Aguugg's Armour Shop.
  4493 | D:4      | Found Wavvos's Distillery.
  4498 | D:4      | Reached XP level 6. HP: 33/33 MP: 8/12
  4876 | D:3      | HP: 1/33 [scorpion (6)]
  4877 | D:3      | Succumbed to a scorpion's poison

Skill      XL: |  1  2  3  4  5 |
---------------+----------------+-----
Conjurations   | 5 6 7 |  7.8
Fighting       | |  0.5
Short Blades   | |  0.8
Dodging        | |  2.4
Stealth        | |  2.4
Spellcasting   | |  3.0

Action                   |  1- 3 |  4- 6 || total
-------------------------+-------+-------++-------
Melee: Dagger            |     8 |     8 ||    16
 Cast: Magic Dart        |    83 |   145 ||   228
       Searing Ray       |       |    12 ||    12
  Use: Potion            |       |     9 ||     9
       Scroll            |       |     7 ||     7
  Eat: Chunk             |     1 |     4 ||     5
       Bread ration      |       |     1 ||     1
       Meat ration       |       |     1 ||     1
Armor: Robe              |     2 |    16 ||    18
Dodge: Dodged            |    12 |    33 ||    45
